 Dungeon Crawl Stone Soup version 0.23.1 (webtiles) character file.

Game seed: 950757589881695980

126 Borgoz the Sneak (level 5, 0/43 (44) HPs)
             Began as a Ghoul Assassin on Mar 9, 2019.
             Slain by Terence
             ... wielding a +2 flail of holy wrath
              (1 damage)
             ... on level 2 of the Dungeon.
             The game lasted 00:03:47 (2421 turns).

Borgoz the Sneak (Ghoul Assassin)                   Turns: 2421, Time: 00:03:48

HP:   0/43 (44)     AC:  8    Str: 15    XL:     5   Next: 10%
MP:   4/4           EV: 11    Int:  6    God:
Gold: 74            SH:  0    Dex: 11    Spells: 4/4 levels left

rFire    . . .     SeeInvis .   a - +2 dagger
rCold    + . .     Gourm    .   (no shield)
rNeg     + + +     Faith    .   k - +0 leather armour
rPois    ∞         Spirit   .   (no helmet)
rElec    .         Reflect  .   d - +0 cloak
rCorr    .         Harm     .   r - +0 pair of gloves
MR       .....     Rnd*Tele +   c - +0 pair of boots
Stlth    +++.......             (no amulet)
HPRegen  0.00/turn              i - +2 ring of protection
MPRegen  0.09/turn              n - ring of teleportation (curse)

@: rotting
A: rotting body, claws 1, carnivore, cold resistance 1, negative energy
resistance 3, inhibited regeneration, torment resistance, unbreathing
a: no special abilities


You were on level 2 of the Dungeon.
You were not hungry.

You visited 1 branch of the dungeon, and saw 2 of its levels.

You collected 74 gold pieces.

Inventory:

Hand Weapons
 a - a +2 dagger (weapon)
 b - a +0 blowgun
Missiles
 e - 30 poisoned needles
 f - 2 curare-tipped needles
Armour
 c - a +0 pair of boots (worn)
 d - a +0 cloak (worn)
 k - a +0 leather armour (worn)
 r - a +0 pair of gloves (worn)
Jewellery
 i - a +2 ring of protection (left hand)
 n - a cursed ring of teleportation (right hand)
 q - an uncursed ring of ice
Scrolls
 h - a scroll of amnesia {unknown}
 l - a scroll of teleportation {unknown}
 m - a scroll of magic mapping
Comestibles
 g - 3 rations


   Skills:
 + Level 2.9 Fighting
 + Level 2.9 Short Blades
 - Level 1.7 Throwing
 + Level 1.5 Armour
 + Level 1.5 Dodging
 + Level 5.2 Stealth


You had 4 spell levels left.
You didn't know any spells.
Your spell library was empty.

Dungeon Overview and Level Annotations

Branches:
Dungeon (2/15)

Altars:
Zin

Annotations:
D:2 Terence


Innate Abilities, Weirdness & Mutations

Your body is rotting away.
You thrive on raw meat.
You are immune to poison.
You have sharp fingernails.
You are carnivorous and can eat meat at any time.
Your flesh is cold resistant. (rC+)
You are immune to negative energy. (rN+++)
You do not regenerate when monsters are visible.
You are immune to unholy pain and torment.
You can survive without breathing.


Message History

Terence is severely wounded.
Terence hits you with a +2 flail of holy wrath.
* * * LOW HITPOINT WARNING * * *
You convulse.
* * * LOW HITPOINT WARNING * * *
You barely miss Terence.
Terence is severely wounded.
You hit Terence.
Terence is almost dead.
Terence closely misses you.
You hit Terence but do no damage.
Terence is almost dead.
Terence shouts, "Get ready for death!"
Terence closely misses you.
You hit Terence but do no damage.
Terence is almost dead.
You hit Terence but do no damage.
Terence is almost dead.
Terence hits you with a +2 flail of holy wrath.
You die...

..# #.# ### #.# .
# #.# .## # #.#
..# # #.# #.# #
##.## #.#
####...###### #.#
............# #@#
####...####.## #@#
# ##.####.#.###.#
# ##.###(###.##.#
####...#.## ##...#
.>...#....###.####
..##...###.#.##
..###.## ##.##
..###.# #.#
..##..# #.#


You could see Terence.

Vanquished Creatures
  3 gnolls
  4 adders (D:2)
  An ooze (D:1)
  2 dart slugs
  2 leopard geckos (D:1)
  2 ball pythons (D:2)
  2 bats (D:2)
  2 giant cockroaches (D:2)
  8 goblins
  2 hobgoblins (D:2)
  10 jackals
  3 kobolds
  A quokka (D:2)
  3 frilled lizards
  6 rats
51 creatures vanquished.

Notes
Turn   | Place    | Note
-------+----------+-------------------------------------------
     0 | D:1      | Borgoz the Ghoul Assassin began the quest for the Orb.
     0 | D:1      | Reached XP level 1. HP: 17/17 MP: 0/0
   113 | D:1      | Reached XP level 2. HP: 2/24 MP: 1/1
   517 | D:1      | Reached skill level 1 in Dodging
   832 | D:1      | Reached XP level 3. HP: 29/29 MP: 2/2
  1597 | D:2      | Reached skill level 1 in Armour
  1597 | D:2      | Reached skill level 5 in Stealth
  1597 | D:2      | Reached XP level 4. HP: 26/37 MP: 3/3
  2071 | D:2      | Found a glowing silver altar of Zin.
  2119 | D:2      | Reached XP level 5. HP: 31/44 MP: 4/4
  2390 | D:2      | Noticed Terence
  2416 | D:2      | HP: 2/43 [Terence/+2 flail of holy wrath (2)]
  2421 | D:2      | Slain by Terence

Skill      XL: |  1  2  3 |
---------------+----------+-----
Short Blades   | 2 |  2.9
Dodging        | 1 |  1.5
Armour         | 1 |  1.5
Stealth        | 5 |  5.2
Fighting       | |  2.9
Throwing       | |  1.7

Action                   |  1- 3 |  4- 6 || total
-------------------------+-------+-------++-------
Melee: Dagger            |   136 |   137 ||   273
  Use: Scroll            |       |     2 ||     2
 Stab: Sleeping          |     1 |     4 ||     5
  Eat: Chunk             |     2 |     7 ||     9
Armor: Leather armour    |    44 |    38 ||    82
       Robe              |     1 |       ||     1
Dodge: Dodged            |    92 |    63 ||   155
